 Dungeon Crawl Stone Soup version 0.32-a0-520-g344ed53f66 (webtiles) character file.

Game seed: 5352189963189098371

852 ezpacito the Trooper (level 7, -6/59 HPs)
             Began as a Demonspawn Chaos Knight on Feb 27, 2024.
             Was a Plaything of Xom.
             Mangled by a wraith (8 damage)
             ... on level 5 of the Dungeon.
             The game lasted 00:06:24 (5044 turns).

ezpacito the Trooper (Demonspawn Chaos Knight)      Turns: 5044, Time: 00:06:26

Health: -6/59      AC: 15    Str: 14    XL:     7   Next: 69%
Magic:  10/10      EV:  7    Int: 13    God:    Xom [....*.]
Gold:   238        SH:  3    Dex: 12    Spells: 11/11 levels left

rFire   . . .        a - +0 hand axe (chaos)
rCold   . . .        e - +0 buckler
rNeg    . . .        m - +0 chain mail
rPois   .            t - +1 helmet
rElec   .            (no cloak)
rCorr   .            C - +0 pair of gloves
SInv    .            G - +0 pair of boots
Will    .....        (no amulet) Stlth
                     q - ring of wizardry
HPRegen 0.29/turn    (no ring)
MPRegen 0.12/turn

%: wizardry (x1)
@: slowed, very slow
A: molten scales 1, spiny 1, talons 1, mutation resistance 1, robust 1
a: Renounce Religion


You were on level 5 of the Dungeon.
You worshipped Xom.
You were a beloved toy of Xom.
You visited 1 branch of the dungeon, and saw 5 of its levels.

You collected 238 gold pieces.

Inventory:

Hand Weapons
 a - a +0 hand axe of chaos (weapon)
Missiles
 p - 11 poisoned darts (quivered)
 r - 2 boomerangs
 u - 6 javelins
Armour
 e - a +0 buckler (worn)
 m - a +0 chain mail (worn)
 t - a +1 helmet (worn)
 y - a +0 plate armour
 C - a +0 pair of gloves (worn)
 G - a +0 pair of boots (worn)
Magical Staves
 f - a staff of fire
Jewellery
 q - a ring of wizardry (left hand)
Talismans
 k - a storm talisman
 n - a beast talisman
Wands
 x - a wand of iceblast (19)
Scrolls
 i - 3 scrolls of teleportation {unknown}
 o - a scroll of amnesia {unknown}
 s - 2 scrolls of blinking {unknown}
 v - 2 scrolls of noise {unknown}
 w - a scroll of vulnerability {unknown}
 H - a scroll of enchant armour {unknown}
 I - a scroll of fog {unknown}
Potions
 b - 2 potions of berserk rage
 d - a potion of magic {unknown}
 h - 4 potions of brilliance
 j - 3 potions of attraction
 l - a potion of lignification
 z - a potion of degeneration {unknown}
 A - a potion of ambrosia {unknown}
 B - a potion of haste {unknown}
 D - 2 potions of heal wounds {unknown}
 E - a potion of mutation {unknown}
 F - a potion of might {unknown}


   Skills:
 * Level 4.2 Fighting
 * Level 3.9(4.1) Axes
 + Level 1.7(3.1) Polearms
 + Level 1.4 Throwing
 * Level 3.2 Armour
 * Level 2.8 Dodging
 + Level 1.9 Stealth
 * Level 2.3 Unarmed Combat
 * Level 2.6 Spellcasting
 + Level 1.5 Evocations


You had 11 spell levels left.
You didn't know any spells.
Your spell library contained the following spells:

 Spells                   Type           Power      Damage    Failure   Level
 Necrotise                Necr           4%         1d4       89%         1
 Dazzling Flash           Conj/Hex       2%         N/A       99%         3
 Mephitic Cloud           Conj/Alch/Air  1%         N/A       99%         3
 Vampiric Draining        Necr           1%         2d6       99%         3
 Manifold Assault         Tloc           1%         N/A       100%        4
 Martyr's Knell           Necr/Summ      1%         N/A       100%        4
 Curse of Agony           Necr           1%         N/A       100%        5
 Silence                  Hex/Air        0%         N/A       100%        5
 Dispersal                Tloc           0%         N/A       100%        6
 Disjunction              Tloc           0%         N/A       100%        8


Dungeon Overview and Level Annotations

Branches:
Dungeon (5/15)
 Temple: D:4-7

Altars:
Gozag
Makhleb
Okawaru
Sif Muna

Shops:
D:2 =   D:4 (


Innate Abilities, Weirdness & Mutations

You are partially covered in molten scales. (AC +2)
You are partially covered in sharp spines.
You have sharp toenails.
You are somewhat resistant to further mutation.
You are robust. (+10% HP)


Message History

You block the wraith's attack. The wraith hits you.
The wraith drains your vigour!
You feel yourself slow down.
You hit the wraith but do no damage.
The wraith becomes as fragile as glass!
The wraith barely misses you. The wraith hits you but does no damage.
You closely miss the wraith.
Xom adds some personal touches to your environment.
The wraith hits you. The wraith drains your vigour!
You feel as though you will be slow longer.
You hit the wraith but do no damage. The wraith barely misses you.
The wraith hits you. The wraith drains your vigour!
You feel as though you will be slow longer.
You hit the wraith but do no damage. The wraith hits you but does no damage.
The wraith closely misses you.
You hit the wraith but do no damage. The wraith hits you but does no damage.
You closely miss the wraith. The wraith hits you.
The wraith drains your vigour!
You feel as though you will be slow longer.
The wraith hits you.
You hit the wraith but do no damage.
The wraith seems to grow stronger.
The wraith barely misses you. The wraith hits you.
You hit the wraith.
The wraith is lightly damaged.
The wraith hits you but does no damage. The wraith hits you!
The wraith drains your vigour!
You feel as though you will be slow longer.
You barely miss the wraith.
The wraith is lightly damaged.
The wraith hits you!
* * * LOW HITPOINT WARNING * * *
The wraith drains your vigour!
You feel as though you will be slow longer.
You hit the wraith.
The wraith seems to speed up.
Xom is highly amused!
The wraith is lightly damaged.
The wraith hits you but does no damage. The wraith hits you!
* * * LOW HITPOINT WARNING * * *
The wraith hits you!
You die...
Xom snickers! .##.♣ #.#.#.#### b($b

#.#......# ♣)b♣
#.#..###.# ♣c.♣
#.....##.# ♣b.♣
#####.#b##.# ♣bW♣
#...bbbb##.# ♣bb♣
#.###.bb##.# ♣..♣
####.#bbbbb##.# ♣b.♣
#....#<.@.###.#
##''#####....###Wb....#
....Wb..#.....b.b######
#####...#.....##.# #
#bb.'.......># #
#...###...#### # #...#
#...# ######### #####
.....#


You could see a wraith (fast, strong).

Vanquished Creatures
  A sky beast (D:5)
  A black bear (D:4)
  A kobold brigand (D:3)
  2 hounds
  4 jellies
  An iron imp (D:3)
  An iguana (D:4)
  Ijyb (D:3)
  Robin (D:3)
  9 adders
  4 dart slugs
  A ribbon worm (D:3)
  7 orcs
  5 bats
  6 endoplasms
  5 giant cockroaches
  10 goblins
  7 hobgoblins
  4 jackals (D:2)
  A quokka (D:4)
  9 ball pythons
  2 frilled lizards (D:1)
  13 kobolds
  5 rats
101 creatures vanquished.

Vanquished Creatures (collateral kills)
  A black bear (D:5)
  A jelly (D:4)
2 creatures vanquished.

Grand Total: 103 creatures vanquished

Notes
Turn   | Place    | Note
-------+----------+-------------------------------------------
     0 | D:1      | ezpacito the Demonspawn Chaos Knight began the quest for
                  | the Orb.
     0 | D:1      | Reached XP level 1. HP: 18/18 MP: 1/1
    43 | D:1      | XOM: divination: magic mapping
    87 | D:1      | Reached skill level 1 in Dodging
   192 | D:1      | XOM: 3-stop teleportation journey
   293 | D:1      | Gained mutation: You are partially covered in molten
                  | scales. (AC +2) [demonic ancestry]
   293 | D:1      | Reached XP level 2. HP: 24/24 MP: 2/2
   639 | D:1      | XOM: blink monster(s)
   708 | D:2      | Found Cugraz's Jewellery Shoppe.
   741 | D:2      | Reached XP level 3. HP: 29/29 MP: 4/4
   835 | D:2      | XOM: stat loss: -1 Dex (11/12)
   960 | D:2      | XOM: 1-stop teleportation journey
  1013 | D:2      | Reached skill level 1 in Spellcasting
  1162 | D:2      | Gained mutation: You are partially covered in sharp spines.
                  | [demonic ancestry]
  1162 | D:2      | Reached XP level 4. HP: 35/35 MP: 5/5
  1309 | D:2      | XOM: 1-stop teleportation journey
  1388 | D:2      | XOM: divination: detect items
  1475 | D:2      | XOM: give mutation
  1475 | D:2      | Gained mutation: You are resistant to electric shocks.
                  | (rElec) [Xom's mischief]
  1721 | D:2      | XOM: give mutations
  1721 | D:2      | Gained mutation: You are somewhat resistant to further
                  | mutation. [Xom's grace]
  1721 | D:2      | Gained mutation: You are robust. (+10% HP) [Xom's grace]
  1793 | D:2      | Reached skill level 1 in Unarmed Combat
  1998 | D:3      | Found a burning altar of Makhleb.
  2076 | D:3      | XOM: 2-stop teleportation journey
  2082 | D:3      | Reached skill level 1 in Stealth
  2153 | D:3      | Found an opulent altar of Gozag.
  2269 | D:3      | XOM: 1-stop teleportation journey
  2337 | D:3      | Reached XP level 5. HP: 45/45 MP: 7/7
  2362 | D:3      | XOM: smoke on damage
  2362 | D:3      | XOM: give mutations
  2362 | D:3      | Lost mutation: You are resistant to electric shocks.
                  | (rElec) [Xom's mischief]
  2362 | D:3      | Gained mutation: You have sharp toenails. [Xom's mischief]
  2367 | D:3      | Reached skill level 1 in Polearms
  2475 | D:3      | Noticed Robin
  2482 | D:3      | Killed Robin
  2910 | D:3      | XOM: noise
  3091 | D:3      | Noticed Ijyb
  3101 | D:3      | Killed Ijyb
  3102 | D:3      | Reached XP level 6. HP: 18/52 MP: 8/8
  3359 | D:4      | Found Odiuthr Vuohe's Antique Weapon Shoppe.
  3696 | D:4      | Found a shimmering blue altar of Sif Muna.
  3808 | D:4      | Found an iron altar of Okawaru.
  3852 | D:4      | XOM: summons 6 friendly demons
  3856 | D:4      | Reached skill level 1 in Throwing
  3856 | D:4      | Reached skill level 1 in Evocations
  3870 | D:4      | XOM: summons 4 hostile demons
  3953 | D:4      | XOM: 3-stop teleportation journey
  4008 | D:4      | Reached skill level 4 in Fighting
  4008 | D:4      | Reached XP level 7. HP: 49/59 MP: 10/10
  4425 | D:5      | Entered Level 5 of the Dungeon
  4471 | D:5      | XOM: fake destruction
  4477 | D:5      | XOM: summons friendly crimson imp
  4889 | D:5      | Noticed a two-headed ogre
  4889 | D:5      | Noticed a wraith
  4898 | D:5      | a two-headed ogre changed into a shapeshifter
  4898 | D:5      | Noticed a shapeshifter (shapeshifter)
  4898 | D:5      | XOM: polymorph two-headed ogre -> shapeshifter
  4898 | D:5      | a shapeshifter changed into a yaktaur
  4898 | D:5      | Noticed a yaktaur (shapeshifter)
  5029 | D:4      | XOM: scenery: 1 doors open
  5036 | D:5      | XOM: scenery: summon butterflies
  5044 | D:5      | HP: 2/59 [wraith (15)]
  5044 | D:5      | Mangled by a wraith

Illustrated notes

Levels and vault maps discovered:
D:1:      ldierk_walled_garden_2, layout_basic
D:2:      layout_basic, serial_shops, shop
D:3:      cheibrodos_thug_alley, layout_basic, demons_altar,
          nicolae_gozag_cash_rules_everything_around_me, solitary_fountain,
          uniq_robin, uniq_ijyb
D:4:      layout_gridville, okawaru_ov_weapons_minmay,
          nicolae_overflow_crystal_walls, serial_shops, kennysheep_little_box,
          serial_forest, infiniplex_forest_clump_small,
          infiniplex_forest_lined_ring, infiniplex_forest_lined_2,
          infiniplex_forest_straight_2, infiniplex_forest_end_2,
          kennysheep_opposing_triangles
D:5:      kennysheep_big_flooded_room, layout_basic

Skill      XL: |  1  2  3  4  5  6  7 |
---------------+----------------------+-----
Dodging        | 1 2 |  2.8
Axes           | 3 |  3.9
Armour         | 2 3 |  3.2
Spellcasting   | 1 2 |  2.6
Unarmed Combat | 1 2 |  2.3
Stealth        | 1 |  1.9
Polearms       | 1 |  1.7
Throwing       | 1 |  1.4
Evocations     | 1 |  1.5
Fighting       | 4 |  4.2

Action                     |  1- 3 |  4- 6 |  7- 9 || total
---------------------------+-------+-------+-------++-------
  Melee: Hand axe          |   102 |   123 |    49 ||   274
         Kick              |       |    28 |    13 ||    41
    Use: Scroll            |       |       |     6 ||     6
   Stab: Sleeping          |     1 |       |       ||     1
         Confused          |     1 |       |       ||     1
         Petrified         |       |     2 |       ||     2
         Distracted        |       |     1 |       ||     1
 Armour: Leather armour    |    51 |       |       ||    51
         Chain mail        |       |    87 |    56 ||   143
  Dodge: Dodged            |    65 |    47 |    23 ||   135
  Block: Buckler           |       |    22 |     4 ||    26

Table legend: (Time is in decaauts)
 A = Elapsed time spent in this place.
 B = Non-inter-level travel time spent in this place.
 C = Inter-level travel time spent in this place.
 D = Time resting spent in this place.
 E = Time spent auto-exploring this place.
 F = Levels seen in this place.
 G = Mean time per level.
                   A        B        C        D        E       F      G
               +--------+--------+--------+--------+--------+-----+--------+
         Total |   5106 |   4897 |    209 |    112 |   3943 |   5 | 1021.2 |
       Dungeon |   5106 |   4897 |    209 |    112 |   3943 |   5 | 1021.2 |
               +--------+--------+--------+--------+--------+-----+--------+

Top non-repeatable levels by time:
     D:3: 1408 daAuts
     D:2: 1235 daAuts
     D:4: 1226 daAuts
     D:1: 714 daAuts
     D:5: 521 daAuts
